 Dungeon Crawl Stone Soup version 0.28.0-53-g5a82cb258f (webtiles) character file.

Game seed: 9871107815375608807

65 safid the Skirmisher (level 4, -3/40 HPs)
             Began as a Hill Orc Fighter on Aug 7, 2022.
             Was an Initiate of Beogh.
             Slain by an orc warrior
             ... wielding a +0 battleaxe
              (7 damage)
             ... on level 3 of the Dungeon.
             The game lasted 00:03:04 (2186 turns).

safid the Skirmisher (Hill Orc Fighter)             Turns: 2186, Time: 00:03:05

Health: -3/40      AC: 10    Str: 20    XL:     4   Next: 13%
Magic:  0/4        EV:  7    Int:  8    God:    Beogh [......]
Gold:   130        SH:  4    Dex: 10    Spells: 3/3 levels left

rFire   . . .      SeeInvis .   a - +0 war axe
rCold   . . .      Faith    .   c - +0 buckler
rNeg    . . .      Spirit   +   h - +0 chain mail
rPois   .          Reflect  .   (no helmet)
rElec   .          Harm     .   e - +0 cloak
rCorr   .          Rampage  .   (no gloves)
Will    .....                   (no boots)
Stlth   ..........              i - amulet of guardian spirit
HPRegen 0.13/turn               (no ring)
MPRegen 0.09/turn               (no ring)

@: mighty
A: no striking features
a: Renounce Religion


You were on level 3 of the Dungeon.
You worshipped Beogh.
Beogh was noncommittal.
You visited 1 branch of the dungeon, and saw 3 of its levels.

You collected 130 gold pieces.

Inventory:

Hand Weapons
 a - a +0 war axe (weapon)
Missiles
 o - 4 poisoned darts (quivered)
Armour
 c - a +0 buckler (worn)
 e - a +0 cloak (worn)
 h - a +0 chain mail (worn)
Jewellery
 i - an amulet of guardian spirit (around neck)
 m - a ring of protection from cold
Scrolls
 b - a scroll of holy word {unknown}
 f - a scroll of magic mapping {unknown}
 g - a scroll of torment {unknown}
 j - a scroll of vulnerability {unknown}
 k - a scroll of identify {unknown}
 l - a scroll of blinking {unknown}
Potions
 n - a potion of curing {unknown}


   Skills:
 - Level 4.0 Fighting
 + Level 3.9 Axes
 - Level 4.0 Armour
 - Level 4.0 Shields


You had 3 spell levels left.
You didn't know any spells.
Your spell library contained the following spells:

 Spells                   Type           Power      Damage    Failure   Level
 Corpse Rot               Necr/Air       0%         N/A       100%        2
 Dispel Undead            Necr           0%         3d6       100%        4
 Death Channel            Necr           0%         N/A       100%        6


Dungeon Overview and Level Annotations

Branches:
Dungeon (3/15)

Altars:
Yredelemnul


Message History

An orc comes into view. It is wielding a +0 falchion.
An orc warrior comes into view. It is wielding a +0 battleaxe.
Training target 4.0 for Armour reached!
Your Armour skill increases to level 4!
The orc warrior shouts!
The orc closely misses you.
Things that are here:
a +0 whip; a +0 leather armour; an orc corpse You slash the orc!
You kill the orc!
Beogh accepts your kill.
Training target 4.0 for Shields reached!
Your Shields skill increases to level 4!
You slash the orc!
You kill the orc!
Beogh accepts your kill.
Things that are here:
a +0 falchion; a +0 chain mail; a +0 mace
Things that are here:
a +0 whip; a +0 leather armour; an orc corpse You hit the orc warrior.
The orc warrior is lightly wounded.
The orc warrior hits you with a +0 battleaxe!!
The orc warrior hits you with a +0 battleaxe!
There is a stone staircase leading up here.
You feel very mighty all of a sudden.
The orc warrior hits you with a +0 battleaxe.
* * * LOW HITPOINT WARNING * * *
You closely miss the orc warrior.
The orc warrior is lightly wounded.
You block the orc warrior's attack. The orc warrior completely misses you.
You hit the orc warrior but do no damage.
The orc warrior is lightly wounded.
The orc warrior hits you with a +0 battleaxe!
* * * LOW HITPOINT WARNING * * *
You barely miss the orc warrior.
The orc warrior is lightly wounded.
The orc warrior hits you with a +0 battleaxe!
You die...
Beogh appreciates the orc warrior's killing of a heretic priest.

####...##.###......
#.
+..................
+.
####...##.#.######
#. #..###>#.# ##
#.##...#.# #
#.##.###.# #.##.#
#.# #.##.###.#
#....o@..##
####.###..#######
####
#..............#
....
##............##
#### #........≈≈..#
##.......≈..≈.##
##≈...≈≈..≈..≈≈≈##
#≈≈..≈..≈..≈..≈≈≈#
#≈≈..≈..≈⌠.≈...≈≈#


You could see an orc warrior.

Vanquished Creatures
  An adder (D:2)
  An ufetubus (D:3)
  3 dart slugs
  3 orcs (D:3)
  4 endoplasms
  A giant cockroach (D:2)
  2 goblins
  3 hobgoblins
  8 ball pythons
  7 bats
  2 frilled lizards
  5 kobolds
  3 rats
43 creatures vanquished.

Vanquished Creatures (others)
  3 orcs (D:2)
  A bat (D:2)
4 creatures vanquished.

Grand Total: 47 creatures vanquished

Notes
Turn   | Place    | Note
-------+----------+-------------------------------------------
     0 | D:1      | safid the Hill Orc Fighter began the quest for the Orb.
     0 | D:1      | Reached XP level 1. HP: 19/19 MP: 1/1
   198 | D:1      | Found a faded altar of an unknown god.
   330 | D:1      | Reached XP level 2. HP: 27/27 MP: 2/2
   922 | D:2      | Became a worshipper of Beogh the Brigand
   946 | D:2      | You fall into a shaft and drop 1 floor!
   960 | D:3      | Reached XP level 3. HP: 33/33 MP: 3/3
  1280 | D:2      | HP: 1/33 [poisoned by an adder]
  1994 | D:3      | Found a basalt altar of Yredelemnul.
  2109 | D:3      | Reached XP level 4. HP: 37/40 MP: 4/4
  2160 | D:3      | Noticed an orc warrior
  2186 | D:3      | Slain by an orc warrior

Illustrated notes

Levels and vault maps discovered:
D:1:      heliophobic_arrival_battle_scene, layout_basic,
          hellmonk_ecumenical_altar_blasted
D:2:      layout_basic
D:3:      cheibrodos_helix_gallery, layout_loops_corners,
          mainiacjoe_overflow_small_starburst, mainiacjoe_overflow_alcove_1,
          serial_shops, nicolae_lakefront_shop, uniq_terence

Skill      XL: |  1  2  3  4 |
---------------+-------------+-----
Axes           | 3 |  3.9
Fighting       | 4 |  4.0
Armour         | 4 |  4.0
Shields        | 4 |  4.0

Action                   |  1- 3 |  4- 6 || total
-------------------------+-------+-------++-------
Melee: War axe           |   110 |     9 ||   119
Invok: Convert to Beogh  |     1 |       ||     1
  Use: Potion            |       |     1 ||     1
Armor: Scale mail        |    22 |       ||    22
       Chain mail        |    49 |     3 ||    52
Dodge: Dodged            |    66 |     4 ||    70
Block: Buckler           |    29 |     1 ||    30
